 Dungeon Crawl Stone Soup version 0.29.0-4-gdea44cf6ec (webtiles) character file.

Game seed: 2753623181186868948

28 qw the Chopper (level 3, 0/21 HPs)
             Began as a Tengu Warper on Aug 28, 2022.
             Succumbed to their own poison gas
             ... on level 1 of the Dungeon.
             The game lasted 00:00:06 (1560 turns).

qw the Chopper (Tengu Warper)                       Turns: 1560, Time: 00:00:06

Health: 0/21       AC:  5    Str: 13    XL:     3   Next: 14%
Magic:  7/7        EV: 11    Int: 13    God:
Gold:   108        SH:  5    Dex: 13    Spells: 6/6 levels left

rFire   . . .      SeeInvis .   Y - +0 hand axe
rCold   . . .      Faith    .   (no shield)
rNeg    . . .      Spirit   .   d - +0 ring mail
rPois   .          Reflect  +   (helmet restricted)
rElec   .          Harm     .   (no cloak)
rCorr   .          Rampage  .   (no gloves)
Will    .....                   (boots unavailable)
Stlth   +.........              e - amulet of reflection
HPRegen 0.07/turn               (no ring)
MPRegen 0.10/turn               (no ring)

@: mighty, lethally poisoned (0 -> -5), attractive
A: beak, talons 3
a: no special abilities


You were on level 1 of the Dungeon.
You visited 1 branch of the dungeon, and saw 1 of its levels.

You collected 108 gold pieces.


Innate Abilities, Weirdness & Mutations

You have a beak for a mouth.
You have claws for feet.


   Skills:
 - Level 2.0 Fighting
 + Level 3.9 Axes
 - Level 1.0 Throwing
 - Level 1.1 Armour
 - Level 2.1 Dodging
 - Level 2.0 Spellcasting
 - Level 2.4 Translocations


You had 6 spell levels left.
You didn't know any spells.
Your spell library contained the following spells:

 Spells                   Type           Power      Damage    Failure   Level
 Blink                    Tloc           14%        N/A       30%         2
 Gell's Gravitas          Tloc           7%         N/A       52%         3
 Lesser Beckoning         Tloc           7%         N/A       52%         3
 Teleport Other           Tloc           7%         N/A       52%         3
 Manifold Assault         Tloc           7%         N/A       99%         5

Inventory:

Hand Weapons
 Y - a +0 hand axe (weapon)
Armour
 d - a +0 ring mail (worn)
Jewellery
 e - an amulet of reflection (around neck)
 j - a ring of ice
Scrolls
 a - a scroll of identify
Potions
 i - a potion of might
 k - a potion of mutation {unknown}

Dungeon Overview and Level Annotations

Branches:
Dungeon (1/15)

Altars:


Message History

1550 ||| READING 2 scrolls labelled LUSUBLURCHY.
As you read the scroll labelled LUSUBLURCHY, it crumbles to dust.
It is a scroll of identify.
Really abort (and waste the scroll)?
Done exploring.
1551 ||| READING scroll labelled NYM CUAHIOKUIR.
The air fills with toxic fumes!
As you read the scroll labelled NYM CUAHIOKUIR, it crumbles to dust.
It was a scroll of poison.
Done exploring.
1552 ||| DRINKING 2 sedimented puce potions.
It was a potion of attraction.
You feel attractive to monsters.
Done exploring.
1553 ||| DRINKING 2 white potions.
It was a potion of might.
You feel very mighty all of a sudden.
Done exploring.
1554 ||| DROPPING scroll of blinking.
You drop a scroll of blinking.
Done exploring.
1555 ||| DROPPING potion of attraction.
You drop a potion of attraction.
Done exploring.
(D) Dungeon
Where to? (* - list waypoints, ? - help)
What level of the Dungeon? (default 1, ? - help) Sorry, I don't know how to get there.
Done exploring.
1556 ||| Stepping randomly (stuck).
Really walk into that cloud of poison gas?
You are engulfed in poison gas.
You are poisoned.
You feel very sick.
1557 ||| Stepping ~*~*~tactically~*~*~ (cloud).
You feel very sick.
Things that are here:
a potion of attraction; a scroll of blinking; a +0 leather armour
There is a lethal amount of poison in your body!
You feel sick.
There is a lethal amount of poison in your body!
You feel sick.
There is a lethal amount of poison in your body!
You die...

.......#......#
#......#.####.#
.......#.####.##
#####..#.......#
#......##..#
#.####.#...###
#####.#....#.#.0¤#
#...#.#.####.#.#0#
#.#.#.#.# #.###@#
#.#.#.#.# #¤¤000#
#.#...#.# #######
#.#####.# #...#
#.# ###.# #.#
###.# #.#
....###.#######
#.....#.#.....#


There were no monsters in sight!

Vanquished Creatures
  A dart slug (D:1)
  2 ball pythons (D:1)
  An endoplasm (D:1)
  A giant cockroach (D:1)
  3 goblins (D:1)
  3 hobgoblins (D:1)
  5 quokkas (D:1)
  2 bats (D:1)
  A kobold (D:1)
  4 rats (D:1)
23 creatures vanquished.

Notes
Turn   | Place    | Note
-------+----------+-------------------------------------------
     0 | D:1      | qw the Tengu Warper began the quest for the Orb.
     0 | D:1      | Reached XP level 1. HP: 12/12 MP: 4/4
     0 | D:1      | 0 ||| qw: Version: 0.1-a-89-g26bdef1
     0 | D:1      | 0 ||| qw: Game counter: 1647
     0 | D:1      | 0 ||| qw: Always use a shield: true
     0 | D:1      | 0 ||| qw: God list: Okawaru
     0 | D:1      | 0 ||| qw: Allow faded altars: false
     0 | D:1      | 0 ||| qw: Do Orc after D:15 true
     0 | D:1      | 0 ||| qw: Do second Lair branch before Depths: true
     0 | D:1      | 0 ||| qw: Lair rune preference: random
     0 | D:1      | 0 ||| qw: Plans: Normal
     0 | D:1      | 0 ||| PLANNING D:1-11
   319 | D:1      | Reached XP level 2. HP: 17/17 MP: 6/6
   323 | D:1      | Reached skill level 3 in Axes
   596 | D:1      | 596 ||| Stepping ~*~*~tactically~*~*~ (hiding).
   698 | D:1      | 698 ||| Stepping ~*~*~tactically~*~*~ (hiding).
   800 | D:1      | 800 ||| Stepping ~*~*~tactically~*~*~ (hiding).
  1042 | D:1      | Found a faded altar of an unknown god.
  1227 | D:1      | Reached XP level 3. HP: 21/21 MP: 7/7
  1534 | D:1      | 1534 ||| UPGRADING to +0 ring mail.
  1544 | D:1      | 1544 ||| DROPPING +0 leather armour.
  1545 | D:1      | 1545 ||| UPGRADING to amulet of reflection.
  1550 | D:1      | 1550 ||| READING 2 scrolls labelled LUSUBLURCHY.
  1551 | D:1      | 1551 ||| READING scroll labelled NYM CUAHIOKUIR.
  1552 | D:1      | 1552 ||| DRINKING 2 sedimented puce potions.
  1553 | D:1      | 1553 ||| DRINKING 2 white potions.
  1554 | D:1      | 1554 ||| DROPPING scroll of blinking.
  1555 | D:1      | 1555 ||| DROPPING potion of attraction.
  1556 | D:1      | 1556 ||| Stepping randomly (stuck).
  1557 | D:1      | 1557 ||| Stepping ~*~*~tactically~*~*~ (cloud).
  1557 | D:1      | HP: 5/21 [poisoned by you (poison gas)]
  1559 | D:1      | HP: 1/21 [poisoned by you (poison gas)]
  1560 | D:1      | Succumbed to their own poison gas

Levels and vault maps discovered:
D:1:      mrwooster_arrival_arrow, layout_basic,
          ebering_ecumenical_altar_sacrificial, st_stairs_1

Skill      XL: |  1  2 |
---------------+-------+-----
Axes           | 3 |  3.9
Fighting       | |  2.0
Throwing       | |  1.0
Armour         | |  1.1
Dodging        | |  2.1
Spellcasting   | |  2.0
Translocations | |  2.4

Action                   || total
-------------------------++-------
Melee: Hand axe          ||    66
       Kick              ||    14
       Peck              ||     8
       Punch             ||     2
Throw: Boomerang         ||     7
  Use: Scroll            ||     2
       Potion            ||     2
Armor: Leather armour    ||    12
Dodge: Dodged            ||    38

Table legend:
 A = Non-vault XP
 B = Vault XP
 C = Vault XP percentage of total XP
 D = Non-vault monster count
 E = Vault monster count
 F = Vault count percentage of total count
                 A         B        C        D         E       F
            +---------+---------+-------+---------+---------+-------
      Total |      38 |       3 |   7.3 |      21 |       2 |   8.7
            +---------+---------+-------+---------+---------+-------
        D:1 |      38 |       3 |   7.3 |      21 |       2 |   8.7
            +---------+---------+-------+---------+---------+-------
